Map: Mech Depot LE

Players

Yata - Winner!

  • Race: Zerg Zerg
  • League: Platinum
  • Spawn Location: 1:00

adrian

  • Race: Terran Terran
  • League: Platinum
  • Spawn Location: 7:00

VOD

Have the link to the VOD?

Description

Time

  • Played on: Sept. 14, 2017, 9:24 p.m.
  • Length: 9:49
Show
View Real Time Build Order
Export as new Build Order

Yata Zerg - Winner!

Build Orders: Hatch First, Zergling Baneling 

Get SALT Encoding   

  12  0:01  Drone  
  13  0:15  Overlord  
  13  0:23  Drone  
  14  0:34  Drone x2  
  16  0:38  Drone  
  17  0:57  Hatchery  
  17  1:00  Drone  
  17  1:03  Drone  
  18  1:18  Extractor  
  18  1:20  Drone, Spawning Pool  
  18  1:22  Drone  
  18  1:31  Drone  
  19  1:44  Overlord  
  19  2:07  Zergling x4  
  19  2:08  Queen  
  21  2:09  Queen  
  21  2:13  Drone  
  26  2:19  Metabolic Boost  
  26  2:21  Drone  
  26  2:22  Drone  
  28  2:32  Drone x2  
  30  2:40  Drone  
  31  2:47  Drone x2  
  33  3:02  Baneling Nest  
  33  3:04  Evolution Chamber  
  31  3:10  Drone  
  31  3:11  Extractor, Drone x2  
  33  3:13  Drone  
  33  3:18  Drone x2  
  36  3:20  Overlord x3  
  36  3:47  Drone  
  36  3:48  Drone x4  
  40  3:49  Drone  
  40  3:51  Drone x3  
  40  3:53  Zerg Melee Weapons Level 1  
  45  4:11  Queen  
  45  4:16  Lair  
  47  4:19  Hatchery  
  47  4:20  Baneling x4  
  46  4:25  Zergling x10  
  46  4:26  Zergling x2  
  52  4:34  Drone  
  52  4:36  Evolution Chamber  
  52  4:42  Zergling x2  
  52  4:43  Zergling x8  
  57  4:55  Baneling x5  
  57  4:58  Overlord x3  
  57  5:17  Zergling x2  
  57  5:18  Zergling x10  
  63  5:33  Queen  
  63  5:38  Drone x6  
  69  5:57  Hydralisk Den  
  69  6:01  Centrifical Hooks  
  69  6:03  Zerg Melee Weapons Level 2  
  68  6:20  Zergling x2  
  68  6:21  Zergling x10  
  68  6:23  Overlord x4  
  74  6:32  Zerg Ground Armor Level 1  
  74  6:38  Overlord  
  74  6:44  Extractor x2  
  74  6:46  Hydralisk x3  
  78  6:47  Extractor  
  78  6:49  Queen x2  
  78  6:50  Extractor  
  80  6:58  Drone  
  80  6:59  Drone x9  
  90  7:02  Drone x4  
  94  7:16  Hydralisk x5  
  104  7:24  Queen  
  106  7:45  Muscular Augments  
  105  8:08  Overlord x3  
  105  8:19  Overlord x3  
  102  8:37  Hydralisk x11  
  102  8:38  Hydralisk x7  
  127  8:43  Zergling x2  
  127  8:44  Zergling x4  
  130  8:57  Hydralisk  
  130  8:58  Hydralisk x5  
  140  9:08  Zergling x8  
  144  9:15  Drone x2  
Show
View Real Time Build Order
Export as new Build Order

adrian Terran 

Build Orders:  

Get SALT Encoding   

  12  0:01  SCV  
  13  0:14  Supply Depot  
  13  0:18  SCV  
  14  0:30  SCV  
  14  0:31  Refinery  
  15  0:42  SCV  
  16  0:46  Barracks  
  16  0:54  SCV  
  17  1:07  Barracks  
  17  1:09  SCV  
  18  1:22  SCV  
  19  1:34  SCV  
  19  1:35  Supply Depot  
  19  1:36  Marine  
  21  1:46  SCV  
  22  1:55  Marine  
  23  2:02  SCV  
  23  2:05  Refinery  
  24  2:09  Marine  
  24  2:14  SCV  
  24  2:15  Marine  
  27  2:20  Supply Depot  
  27  2:33  Command Center  
  27  2:37  SCV  
  27  2:42  Marine  
  29  2:51  Factory  
  29  2:56  Marine  
  30  3:09  Orbital Command  
  30  3:15  Marine  
  30  3:16  Marine  
  32  3:43  Factory Tech Lab  
  32  3:44  Starport  
  32  3:45  Marine  
  32  3:46  Marine  
  34  3:53  SCV  
  35  4:03  Barracks  
  35  4:04  Barracks  
  35  4:11  Siege Tank  
  35  4:12  SCV  
  35  4:13  SCV  
  35  4:17  Marine x2  
  42  4:30  SCV  
  43  4:39  SCV  
  43  4:42  SCV  
  45  4:52  Medivac, SCV  
  48  4:54  SCV  
  48  4:55  Barracks Reactor  
  48  4:56  Barracks Reactor, Barracks Tech Lab  
  48  4:58  Barracks Reactor  
  49  5:02  Supply Depot  
  49  5:04  SCV  
  49  5:06  SCV  
  51  5:09  Refinery  
  51  5:12  Supply Depot  
  51  5:18  SCV  
  52  5:35  SCV  
  42  5:45  Engineering Bay  
  42  5:47  SCV  
  43  5:51  Stimpack  
  43  5:55  SCV  
  44  5:59  SCV  
  45  6:07  SCV  
  46  6:21  SCV x2  
  46  6:25  Missile Turret  
  48  6:27  Marine x2  
  50  6:36  Marine x2  
  50  6:37  Medivac  
  54  6:43  SCV  
  54  6:44  SCV  
  56  6:47  Refinery  
  56  6:55  Siege Tank, SCV  
  56  6:56  SCV  
  61  7:07  Medivac, SCV  
  59  7:22  Factory  
  59  7:27  Marine x3  
  59  7:28  Armory  
  62  7:54  Siege Tank  
  62  7:57  SCV x2  
  62  8:07  Marine x3  
  62  8:08  Marine  
  62  8:10  Factory Reactor  
  62  8:11  Factory  
  66  8:15  Supply Depot, SCV  
  67  8:28  Marine x3  
  67  8:32  Supply Depot  
  70  8:34  Supply Depot, Marine  
  70  8:35  Marine  
  70  8:39  Marine  
  70  8:40  Marine  
  44  8:45  Siege Tank  
  44  8:46  Marine x3  
  46  8:51  Medivac  
  46  8:52  Marine  
  46  8:53  Marine  
  44  9:03  Marine x2  
  40  9:17  Marine  
  39  9:29  Marine x2  
Tags
 
Matchup
TvZ
Replay Pack
Pack 1
Spawn Locations
Cross Positions
Add a new tag
Caveats
  • Supply blocks, unpowered buildings, or Contaminate may cause inaccurate times.
  • Supply counts are checked every 10 seconds.